 Dungeon Crawl Stone Soup version 0.29.1-15-g9cfb28693d (webtiles) character file.

Game seed: 10455793075242026187

429 ThatPearl the Trooper (level 6, -4/52 HPs)
             Began as a Demonspawn Berserker on Mar 8, 2023.
             Was a Believer of Trog.
             Slain by an ogre
             ... wielding a +0 giant club
              (11 damage)
             ... on level 4 of the Dungeon.
             The game lasted 00:04:36 (3204 turns).

ThatPearl the Trooper (Demonspawn Berserker)        Turns: 3204, Time: 00:04:37

Health: -4/52      AC: 10    Str: 23    XL:     6   Next: 66%
Magic:  6/6        EV: 11    Int:  8    God:    Trog [**....]
Gold:   196        SH:  0    Dex: 13    Spells: 5/5 levels left

rFire   + . .      SeeInvis .   c - +0 war axe
rCold   . . .      Faith    .   (no shield)
rNeg    . . .      Spirit   .   d - +0 ring mail
rPois   .          Reflect  .   (no helmet)
rElec   .          Harm     .   v - +2 cloak of the Ecumenical Temple {rF+ Str+4}
rCorr   .          Rampage  .   t - +0 pair of gloves
Will    .....                   (no boots)
Stlth   +.........              (no amulet)
HPRegen 0.17/turn               (no ring)
MPRegen 0.10/turn               (no ring)

@: on berserk cooldown, slowed, very slow
A: hooves 1, powered by pain 1, spiny 1, sharp scales 1
a: Renounce Religion, Berserk, Trog's Hand


You were on level 4 of the Dungeon.
You worshipped Trog.
Trog was pleased with you.
You visited 1 branch of the dungeon, and saw 4 of its levels.

You collected 196 gold pieces.

Inventory:

Hand Weapons
 a - a +0 hand axe
 c - a +0 war axe (weapon)
Missiles
 g - 7 poisoned darts (quivered)
 p - 8 boomerangs
Armour
 d - a +0 ring mail (worn)
 o - a +2 kite shield
 t - a +0 pair of gloves (worn)
 v - the +2 cloak of the Ecumenical Temple (worn) {rF+ Str+4}
   (You found it on level 3 of the Dungeon)

   Str:       It affects your strength (+4).
   rF:        It protects you from fire.
Wands
 m - a wand of flame (8)
Scrolls
 b - 2 scrolls of enchant armour {unknown}
 f - 4 scrolls of identify {unknown}
 i - a scroll of enchant weapon {unknown}
 n - a scroll of noise {unknown}
 s - a scroll of vulnerability {unknown}
 u - a scroll of magic mapping {unknown}
 w - a scroll of poison {unknown}
Potions
 e - 3 potions of flight {unknown}
 h - 3 potions of heal wounds {unknown}
 j - a potion of curing {unknown}
 k - a potion of degeneration {unknown}
 l - 2 potions of resistance {unknown}
 q - a potion of haste
 r - a potion of brilliance {unknown}


   Skills:
 + Level 5.7 Fighting
 + Level 5.2 Axes
 - Level 1.7 Armour
 - Level 1.7 Dodging


You had 5 spell levels left.
You didn't know any spells.
Your spell library contained the following spells:

 Spells                   Type           Power      Damage    Failure   Level
 Foxfire                  Conj/Fire      0%         2x1d4     56%         1
 Stone Arrow              Conj/Erth      0%         3d7       90%         3
 Hailstorm                Conj/Ice       0%         3d3       100%        4
 Iskenderun's Mystic Bla  Conj/Tloc      0%         2d3       100%        4


Dungeon Overview and Level Annotations

Branches:
Dungeon (4/15)
 Temple: D:4-7

Altars:

Shops:
D:1 [


Innate Abilities, Weirdness & Mutations

You have large cloven feet.
You sometimes gain a little power by taking damage.
You are partially covered in sharp spines.
You are partially covered in razor-sharp scales. (AC +1, Slay +1)


Message History

Pain shoots through your body!
* * * LOW HITPOINT WARNING * * *
You slice the orc priest!!
You kill the orc priest!
Trog accepts your kill.
You feel sick.
You slash the orc!
You kill the orc!
Trog accepts your kill.
You feel sick.
You slash the orc!
You kill the orc!
Trog accepts your kill.
You feel sick.
The orc throws a stone.
The stone hits you but does no damage.
Found a stone staircase leading down.
You feel sick.
Items here: ))) ? [ †.
You slice the orc!!
You kill the orc!
Trog accepts your kill.
You closely miss the orc.
You feel sick. The orc is struck by your spines.
You kill the orc!
Trog accepts your kill.
You closely miss the orc. You kick the orc.
You kill the orc!
Trog accepts your kill.
You feel sick.
You now have 196 gold pieces (gained 7).
Items here: ( )))) [ †††.
You feel sick.
You feel a strong urge to attack something.
You are no longer berserk.
You are exhausted.
You feel yourself slow down.
The ogre shouts!
You feel sick.
You are no longer poisoned.
You slash the ogre! Your kick misses the ogre.
The ogre is heavily wounded.
The ogre hits you with a +0 giant club!
You die...

#####.# #<# ### #
.. #### ... #.. #
.... #)###..#
..... ###O.)...#
......###.@.####.#
......))).#.####
#####.)####....#
#...# ####.# #..#.
#.# #.. # #.# ..
#.# > #######.###
..........#


You could see an ogre.

Vanquished Creatures
  A phantom (D:3)
  A scorpion (D:4)
  5 orc priests
  Jessica (D:2)
  4 adders
  A worm (D:3)
  2 dart slugs
  16 orcs
  5 ball pythons
  4 bats
  4 endoplasms
  2 giant cockroaches
  3 goblins
  3 hobgoblins
  3 jackals (D:1)
  A quokka (D:1)
  2 frilled lizards (D:1)
  6 kobolds
  4 rats
68 creatures vanquished.

Notes
Turn   | Place    | Note
-------+----------+-------------------------------------------
     0 | D:1      | ThatPearl the Demonspawn Berserker began the quest for the
                  | Orb.
     0 | D:1      | Reached XP level 1. HP: 18/18 MP: 1/1
    17 | D:1      | Found Xepyo's Antique Armour Boutique.
   211 | D:1      | Gained mutation: You sometimes gain a little power by
                  | taking damage. [demonic ancestry]
   211 | D:1      | Reached XP level 2. HP: 7/24 MP: 2/2
   697 | D:1      | Found a faded altar of an unknown god.
   730 | D:1      | Got the Grimoire of Crystalline Blows and Bruises
  1490 | D:2      | Gained mutation: You are partially covered in sharp spines.
                  | [demonic ancestry]
  1490 | D:2      | Reached XP level 3. HP: 29/29 MP: 3/3
  1645 | D:2      | Noticed Jessica
  1650 | D:2      | Killed Jessica
  2029 | D:2      | Gained mutation: You have large cloven feet. [demonic
                  | ancestry]
  2029 | D:2      | Reached XP level 4. HP: 37/37 MP: 4/4
  2461 | D:3      | Noticed a phantom
  2468 | D:3      | Killed a phantom
  2468 | D:3      | Reached ** piety under Trog
  2469 | D:3      | Gained mutation: You are partially covered in razor-sharp
                  | scales. (AC +1, Slay +1) [demonic ancestry]
  2469 | D:3      | Reached XP level 5. HP: 31/43 MP: 5/5
  2584 | D:3      | Identified the +1 spear "Killer Bee's Curse" {holy, Fragile
                  | rElec rN+}
  2648 | D:3      | Reached skill level 5 in Fighting
  2840 | D:3      | Identified the +2 cloak of the Ecumenical Temple {rF+
                  | Str+4}
  3026 | D:4      | Noticed an ogre
  3174 | D:4      | Reached XP level 6. HP: 37/51 MP: 6/6
  3193 | D:4      | Reached skill level 5 in Axes
  3204 | D:4      | Slain by an ogre

Illustrated notes

Levels and vault maps discovered:
D:1:      eino_arrival_tree_alley, layout_basic, serial_shops, shop,
          ebering_ecumenical_altar_box
D:2:      layout_loops_corners, uniq_jessica
D:3:      layout_basic
D:4:      layout_basic, nicolae_dithmenos_the_darkroom,
          dilly_guarded_unrand_devastator, uniq_eustachio,
          uniq_crazy_yiuf_cottage

Skill      XL: |  1  2  3  4  5  6 |
---------------+-------------------+-----
Axes           | 3 4 5 |  5.2
Fighting       | 4 5 |  5.7
Armour         | |  1.7
Dodging        | |  1.7

Action                   |  1- 3 |  4- 6 || total
-------------------------+-------+-------++-------
Melee: War axe           |    78 |    65 ||   143
       Hand axe          |     4 |       ||     4
       Punch             |     1 |     1 ||     2
       Kick              |       |    20 ||    20
Invok: Berserk           |     1 |     1 ||     2
Armor: Ring mail         |    41 |    18 ||    59
       Animal skin       |     3 |       ||     3
Dodge: Dodged            |    67 |    29 ||    96
